AoeStats
← qbe

Nomad

509641085Analyzed
2v2 RM · 6d ago on Sep 27, 2026· 40m 6s· 4 players
Game mode
Random Map
Map size
176×176
Population
200
Speed
Normal
Resources
Standard
Victory
Conquest
Starting age
Dark Age
Ending age
Imperial Age
RankedLock teamsTeams togetherTeam positionsShared explorationLock speedFull tech treeHidden civsTurbo modeCheats
Victory
Defeat
🇨🇳 Danes · China
1106
+12
🇨🇳 Saxons · China
1005
+16
🇪🇸 Persians · Spain
1021
-14
🇪🇸 Wu · Spain
1015
-14
Esdlm
14:12 Feudal Age
16:12 Bloodlines
16:01 Loom
16:19 Double-Bit Axe
16:17 Horse Collar
16:31 Gold Mining
18:45 Castle Age
17:09 Forging
20:53 Gold Shaft Mining
27:47 Husbandry
29:04 Iron Casting
28:34 Scale Barding Armor
30:01 Bow Saw
35:24 Imperial Age
33:54 Wheelbarrow
39:45 Chain Barding Armor
40:25 Blast Furnace
mario19
5:30 Loom
15:19 Feudal Age
15:39 Man-at-Arms
16:06 Arson
17:49 Double-Bit Axe
24:52 Castle Age
27:27 Fletching
32:39 Padded Archer Armor
34:38 Red Cliffs Tactics
37:00 Wheelbarrow
37:15 Bodkin Arrow
40:43 Imperial Age
大湾鸡
5:13 Loom
15:04 Feudal Age
18:59 Castle Age
17:33 Double-Bit Axe
17:30 Fishing Lines
18:26 Gold Mining
19:54 Bow Saw
21:09 Gillnets
25:13 Horse Collar
27:54 Wheelbarrow
27:25 Town Watch
30:01 Gold Shaft Mining
30:26 Heavy Plow
30:43 Fletching
30:48 Stone Mining
31:20 Bodkin Arrow
35:25 Imperial Age
33:37 Murder Holes
34:34 Stone Shaft Mining
35:31 Hand Cart
35:47 Ballistics
35:31 Scale Mail Armor
35:42 Forging
35:35 Town Patrol
35:22 Hamask
36:50 Chain Mail Armor
37:16 Conscription
37:03 Bracer
36:56 Elite Jomsviking
37:46 Squires
37:31 Arson
38:30 Conscription
40:14 Plate Mail Armor
40:19 Iron Casting
39:30 Pikeman
qbe
4:36 Loom
13:23 Feudal Age
17:10 Castle Age
15:14 Double-Bit Axe
15:38 Fishing Lines
16:53 Fletching
18:05 Medium Warships
21:24 Bodkin Arrow
24:12 Horse Collar
24:52 Gillnets
28:25 Wheelbarrow
28:30 Ballistics
28:01 Guard Tower
30:10 Bow Saw
30:59 Murder Holes
30:45 Treadmill Crane
32:04 Hand Cart
31:40 Treadmill Crane
33:30 Town Watch
36:48 Imperial Age
34:32 Scale Mail Armor
34:53 Forging
36:11 Chain Mail Armor
36:02 Squires
35:47 Gambesons
35:48 Arson
36:46 Iron Casting
36:24 Town Patrol
38:02 Conscription
37:03 Elite Hearth Troop
38:14 Plate Mail Armor
37:52 Bracer
39:10 Chemistry
38:22 Masonry
Connection lost

Rejoining the realm…

Still unreachable

The connection could not be restored.

Session expired

The server has moved on; the page needs a fresh start.